Map: Dusk Towers

Players

matchfixer

  • Race: Zerg Zerg
  • League: Master

Miszu - Winner!

  • Race: Terran Terran
  • League: Grandmaster

VOD

Have the link to the VOD?

Description

Time

  • Played on: Feb. 22, 2016, 5 p.m.
  • Length: 12:25
Show
View Real Time Build Order
Export as new Build Order

matchfixer Zerg 

Build Orders: Hatch First, Muta Ling Bane 

Get SALT Encoding   

  12  0:02  Drone  
  13  0:14  Overlord  
  13  0:26  Drone  
  14  0:34  Drone x2  
  16  0:40  Drone  
  17  0:48  Drone  
  18  0:58  Hatchery  
  18  1:02  Drone  
  18  1:12  Extractor  
  18  1:14  Spawning Pool  
  16  1:18  Drone  
  16  1:22  Drone  
  18  1:37  Drone  
  19  1:47  Overlord  
  19  2:05  Zergling x4  
  19  2:06  Queen  
  23  2:10  Queen  
  23  2:13  Metabolic Boost  
  25  2:17  Drone x2  
  25  2:21  Drone  
  28  2:30  Drone  
  28  2:35  Drone x2  
  31  2:44  Drone  
  31  2:49  Queen  
  31  2:50  Overlord  
  34  2:52  Pneumatized Carapace  
  34  2:58  Drone x2  
  36  3:09  Drone x2  
  38  3:14  Drone  
  38  3:19  Drone x4  
  44  3:20  Overlord, Drone  
  44  3:34  Roach Warren, Hatchery  
  44  3:37  Extractor  
  44  3:41  Queen  
  43  3:51  Lair  
  43  3:53  Drone x4  
  47  3:58  Drone  
  47  3:59  Drone  
  47  4:01  Drone x2  
  51  4:04  Extractor  
  51  4:07  Extractor, Drone x2  
  51  4:10  Drone  
  51  4:14  Overlord  
  51  4:15  Overlord  
  52  4:21  Overlord  
  52  4:25  Spore Crawler  
  52  4:26  Spore Crawler  
  52  4:30  Roach  
  52  4:33  Roach  
  52  4:34  Roach x2  
  58  4:39  Drone  
  58  4:41  Drone  
  58  4:42  Roach  
  58  4:44  Drone x2  
  64  4:47  Drone  
  64  4:52  Drone x3  
  68  5:00  Spire  
  68  5:02  Roach  
  68  5:04  Ravager x2  
  71  5:09  Ravager, Spore Crawler  
  71  5:25  Drone x7  
  71  5:26  Drone  
  78  5:30  Drone x2  
  78  5:34  Drone  
  78  5:35  Drone  
  82  5:40  Overlord, Ravager  
  81  5:46  Extractor  
  81  5:48  Overlord  
  80  5:50  Extractor  
  80  5:54  Roach, Evolution Chamber x2  
  80  5:55  Roach  
  81  5:59  Roach  
  81  6:01  Roach x2  
  87  6:05  Roach  
  87  6:11  Overlord x3  
  89  6:13  Mutalisk x2  
  93  6:18  Mutalisk  
  93  6:22  Mutalisk  
  97  6:26  Overlord x2  
  97  6:28  Overlord x2  
  97  6:31  Mutalisk  
  99  6:36  Zerg Melee Weapons Level 1  
  99  6:38  Mutalisk  
  101  6:46  Mutalisk x2  
  102  6:57  Mutalisk  
  104  7:02  Drone  
  104  7:09  Mutalisk  
  104  7:13  Drone x3  
  104  7:14  Zergling x2  
  110  7:17  Zergling x2  
  110  7:18  Zergling x2  
  112  7:27  Zerg Ground Armor Level 1  
  112  7:29  Drone x3  
  115  7:34  Zergling x6  
  118  7:39  Roach x2  
  126  7:44  Roach x2  
  126  7:48  Roach x2  
  130  7:57  Mutalisk x2  
  130  7:58  Overlord x2  
  134  8:05  Mutalisk  
  134  8:06  Baneling Nest  
  128  8:13  Mutalisk  
  128  8:17  Zergling x6  
  128  8:18  Zergling x10  
  138  8:27  Drone x2  
  138  8:31  Drone x2  
  138  8:33  Zergling x6  
  145  8:36  Drone  
  145  8:38  Zerg Melee Weapons Level 2  
  145  8:40  Drone  
  147  8:42  Hatchery  
  147  8:45  Drone  
  147  8:50  Centrifical Hooks  
  147  8:51  Zergling x4  
  147  8:52  Zergling x4  
  151  8:55  Overlord  
  151  8:59  Zergling x4  
  151  9:01  Zergling x4  
  155  9:03  Zergling x2  
  156  9:12  Zergling x4  
  156  9:13  Zergling x2  
  156  9:15  Mutalisk x3  
  165  9:17  Overlord  
  165  9:19  Overlord  
  165  9:22  Baneling x5  
  165  9:23  Baneling x3  
  165  9:28  Baneling  
  165  9:29  Baneling x9  
  165  9:31  Zergling x2  
  165  9:32  Zergling x2  
  165  9:35  Zergling x4  
  165  9:36  Zergling x2  
  170  9:39  Zergling x4  
  170  9:42  Zergling x4  
  170  9:44  Zergling x4  
  170  9:45  Zergling x2  
  177  9:47  Ravager x3  
  180  9:53  Mutalisk  
  180  9:56  Zergling x8  
  180  9:58  Overlord  
  186  10:02  Mutalisk  
  183  10:10  Mutalisk  
  183  10:11  Zergling x2  
  183  10:12  Zergling x6  
  181  10:19  Mutalisk  
  181  10:20  Zergling x2, Mutalisk  
  161  10:26  Mutalisk  
  161  10:27  Zergling x4  
  141  10:29  Zergling x4  
  141  10:30  Zergling x2  
  141  10:31  Zergling x8  
  141  10:32  Zergling x4  
  141  10:34  Zergling x2  
  151  10:36  Glial Reconstitution  
  151  10:37  Zergling x2  
  151  10:39  Zergling x2  
  153  10:43  Drone x4  
  153  10:46  Baneling  
  153  10:47  Baneling x7  
  153  10:48  Baneling  
  153  10:49  Drone x2  
  159  10:52  Drone x2  
  159  10:53  Queen  
  159  10:55  Zergling x2  
  164  10:59  Overseer  
  164  11:02  Zergling x4  
  164  11:04  Zergling x2  
  167  11:09  Extractor  
  167  11:10  Zergling x4  
  167  11:11  Zergling x2  
  136  11:12  Extractor, Zergling x2  
  136  11:13  Zergling x2  
  134  11:19  Zergling x6  
  134  11:22  Zergling x2  
  134  11:24  Zergling x2  
  139  11:25  Zergling x2  
  139  11:28  Baneling  
  139  11:29  Baneling x17  
  139  11:31  Mutalisk  
  142  11:33  Drone  
  142  11:39  Mutalisk  
  143  11:42  Zergling x4, Queen x3  
  143  11:44  Zergling x2  
  143  11:46  Zergling x2  
  143  11:47  Zergling x2  
  156  11:48  Mutalisk  
  156  11:50  Zergling x2  
  156  11:51  Zergling x4  
  161  11:55  Mutalisk  
  161  11:57  Zergling x4  
  161  12:00  Mutalisk  
  167  12:03  Ravager x3  
Show
View Real Time Build Order
Export as new Build Order

Miszu Terran - Winner!

Build Orders: Liberator Opening, Reaper Expand, MMM Bio 

Get SALT Encoding   

  12  0:00  SCV  
  13  0:13  SCV  
  14  0:20  Supply Depot  
  14  0:25  SCV  
  15  0:41  SCV  
  16  0:43  Barracks  
  16  0:46  Refinery  
  16  0:53  SCV  
  17  1:05  SCV  
  18  1:17  SCV  
  19  1:30  Orbital Command  
  19  1:32  Reaper  
  20  1:40  Command Center  
  20  1:49  Supply Depot  
  20  1:56  SCV  
  20  2:01  Refinery  
  21  2:10  SCV  
  21  2:12  Factory  
  22  2:22  SCV  
  23  2:24  Barracks Reactor  
  23  2:34  SCV  
  24  2:46  SCV  
  25  2:52  Orbital Command  
  25  2:56  Starport  
  26  2:58  SCV  
  26  3:09  Hellion x2  
  26  3:10  SCV  
  31  3:16  Barracks Tech Lab  
  31  3:20  SCV  
  31  3:22  SCV  
  33  3:32  SCV  
  34  3:34  SCV  
  34  3:38  Liberator  
  35  3:42  Fusion Core  
  35  3:44  SCV  
  36  3:53  SCV  
  37  3:56  SCV  
  37  3:57  Factory Tech Lab  
  37  3:58  Marine x2, Command Center  
  43  4:03  Refinery  
  43  4:04  Refinery  
  43  4:05  SCV  
  43  4:09  SCV  
  45  4:17  SCV  
  45  4:18  Command Center  
  45  4:21  Liberator  
  46  4:29  Supply Depot, SCV x2  
  48  4:41  Barracks Tech Lab, SCV x2  
  53  4:53  Barracks x2  
  53  4:54  SCV x2  
  55  5:04  Advanced Ballistics  
  55  5:06  SCV x2  
  58  5:15  Liberator  
  58  5:18  Marine, SCV x2  
  58  5:19  Stimpack  
  58  5:20  Orbital Command  
  60  5:30  SCV  
  60  5:31  Orbital Command  
  63  5:37  SCV  
  63  5:38  Marine  
  65  5:45  Engineering Bay x2  
  65  5:47  Marine  
  65  5:48  Barracks Reactor  
  65  5:49  SCV, Orbital Command  
  67  5:52  SCV  
  67  5:56  Marine, Orbital Command  
  69  5:57  Siege Tank  
  69  6:01  SCV  
  74  6:04  SCV  
  74  6:05  Marine x2  
  76  6:13  SCV  
  76  6:14  Marine  
  76  6:15  Barracks  
  76  6:16  Terran Infantry Weapons Level 1, Terran Infantry Armor Level 1, Barracks  
  78  6:20  SCV  
  78  6:22  SCV  
  78  6:23  Marine x2, SCV  
  78  6:24  Marine  
  84  6:26  SCV  
  84  6:27  Marine  
  84  6:30  Siege Tank  
  84  6:32  Marine  
  90  6:34  Starport Reactor  
  90  6:36  Supply Depot  
  86  6:41  Marine x2  
  86  6:42  Marine  
  86  6:43  SCV x2  
  86  6:44  SCV  
  92  6:54  Marine x2, Armory  
  92  6:56  Supply Depot  
  92  6:59  Supply Depot, Marine  
  92  7:02  Marine, Marauder  
  92  7:03  Barracks Reactor x2  
  92  7:06  Missile Turret  
  92  7:07  SCV x2  
  92  7:08  SCV x2  
  93  7:16  Missile Turret  
  93  7:17  Marine  
  93  7:18  Marine x2  
  93  7:19  SCV x2  
  93  7:20  Marine  
  99  7:24  Marauder, Combat Shields  
  99  7:26  Medivac  
  99  7:27  Medivac  
  105  7:31  Refinery  
  105  7:32  Refinery  
  105  7:33  SCV  
  105  7:34  SCV  
  107  7:39  Marine x2  
  107  7:40  Marine x6  
  115  7:47  Missile Turret  
  112  7:56  Marine  
  112  7:57  Marine  
  112  7:58  Marine x2, Medivac, Siege Tank, Missile Turret  
  116  7:59  Medivac  
  123  8:09  Marine  
  123  8:10  Marine  
  124  8:17  Terran Infantry Armor Level 2, Terran Infantry Weapons Level 2  
  124  8:23  Marine x7  
  124  8:24  Supply Depot  
  124  8:25  Supply Depot  
  131  8:27  Marine  
  131  8:28  Marine  
  131  8:31  Siege Tank  
  136  8:36  SCV  
  136  8:37  Medivac  
  139  8:41  Marine  
  139  8:43  Supply Depot  
  139  8:45  Marine x4, Medivac  
  139  8:46  Marine x2, Marauder  
  150  8:50  Barracks  
  150  8:51  Barracks  
  150  8:52  Barracks  
  150  8:54  Factory, SCV  
  151  8:59  Supply Depot  
  151  9:00  Supply Depot  
  151  9:04  Marine x2  
  151  9:05  Marine  
  151  9:07  Marauder  
  154  9:13  SCV  
  154  9:15  Marine x3  
  159  9:17  Siege Tank  
  159  9:20  Marine  
  159  9:24  Supply Depot x2  
  160  9:26  Marine  
  160  9:29  Marauder  
  161  9:50  Marauder  
  163  10:02  Marine  
  163  10:05  Marine  
  163  10:06  Marine x9  
  171  10:11  Marauder  
  170  10:20  Marine  
  143  10:23  Marine  
  143  10:24  Marine x9  
  121  10:29  Siege Tank  
  121  10:33  Marauder  
  119  10:38  Marine  
  119  10:41  Marine x7  
  119  10:42  Marine x3  
  130  10:43  Factory Tech Lab  
  130  10:54  Marauder  
  130  10:55  Marine, Command Center  
  133  10:57  Medivac x2  
  133  10:59  Marine x10  
  147  11:06  Siege Tank x2  
  150  11:14  Reaper  
  150  11:15  Marauder  
  150  11:16  Marine  
  150  11:17  Marine x3  
  154  11:19  Barracks Tech Lab x3  
  154  11:21  Concussive Shells  
  154  11:22  Marine  
  154  11:23  Marine  
  156  11:27  Medivac x2  
  156  11:28  Supply Depot  
  160  11:37  Marauder  
  162  11:41  Marine x2, Marauder x2  
  162  11:42  Marine x3, Marauder  
  162  11:43  Siege Tank  
  162  11:44  Siege Tank  
  179  11:54  Marine  
  179  11:55  Marine x2  
  179  11:58  Marauder  
  179  11:59  Marine x3  
  179  12:00  Marine x2  
  191  12:03  Marauder x2  
  191  12:04  Marauder  
Tags
 
Add a new tag
Caveats
  • Supply blocks, unpowered buildings, or Contaminate may cause inaccurate times.
  • Supply counts are checked every 10 seconds.